 Dungeon Crawl Stone Soup version 0.22-a0-247-gbddf880757 (webtiles) character file.

133973 Peterchen the Executioner (level 16, -8/172 HPs)
             Began as a Minotaur Berserker on Feb 24, 2018.
             Was a High Priest of Trog.
             Mangled by an earth elemental (22 damage)
             ... summoned by a deep elf elementalist
             ... on level 1 of the Elven Halls.
             The game lasted 01:41:58 (33718 turns).

Peterchen the Executioner (Minotaur Berserker)     Turns: 33718, Time: 01:41:59

Health: -8/172     AC: 21    Str: 28    XL:     16   Next: 61%
Magic:  5/5        EV: 10    Int:  2    God:    Trog [*****.]
Gold:   651        SH:  0    Dex: 11    Spells: 15/15 levels left

rFire    . . .     SeeInvis .   R - +1 executioner's axe (antimagic)
rCold    . . .     Gourm    .   (shield currently unavailable)
rNeg     + + .     Faith    .   u - +4 pearl dragon scales
rPois    .         Spirit   .   (helmet restricted)
rElec    .         Reflect  .   b - +0 cloak
rCorr    .         Harm     .   m - +0 pair of gloves
MR       ++...                  N - +1 pair of boots
Stlth    ..........             g - amulet of the acrobat
HPRegen  0.38/turn              E - ring of positive energy
MPRegen  0.09/turn              f - ring of protection from magic

@: about to teleport, berserk cooldown, very slightly contaminated, slowed, very
slow
A: retaliatory headbutt, horns 2, icy blue scales 1, dopey 1
a: Berserk, Trog's Hand, Brothers in Arms, Renounce Religion


You were on level 1 of the Elven Halls.
You worshipped Trog.
Trog was extremely pleased with you.
You were very hungry.

You visited 5 branches of the dungeon, and saw 26 of its levels.
You also visited: Ossuary.

You collected 2952 gold pieces.
You spent 2301 gold pieces at shops.

Inventory:

Hand Weapons
 R - a +1 antimagic executioner's axe (weapon)
Missiles
 H - 6 tomahawks (quivered)
Armour
 b - a +0 cloak (worn)
 m - a +0 pair of gloves (worn)
 u - +4 pearl dragon scales (worn)
 N - a +1 pair of boots (worn)
 W - a +0 pair of boots of flying
Jewellery
 f - a ring of protection from magic (right hand)
 g - an amulet of the acrobat (around neck)
 y - an uncursed ring of stealth
 E - a ring of positive energy (left hand)
 V - an uncursed ring of protection from fire
Wands
 q - a wand of iceblast (26)
 r - a wand of flame (51)
 s - a wand of scattershot (10)
 x - a wand of enslavement (33)
 B - a wand of paralysis (12)
 S - a wand of random effects (39)
Scrolls
 a - 2 scrolls of random uselessness
 e - 7 scrolls of magic mapping
 h - a scroll of teleportation
 n - a scroll of torment
 t - a scroll of silence
 A - 3 scrolls of fog
 C - 13 scrolls of remove curse
 F - 3 scrolls of enchant weapon
 G - a scroll of holy word
 J - 2 scrolls of vulnerability
 Q - 2 scrolls of immolation
 X - a scroll of acquirement {unknown}
Potions
 d - a potion of ambrosia
 i - 13 potions of curing
 j - 5 potions of flight
 k - 3 potions of haste
 l - 5 potions of brilliance
 o - 2 potions of lignification {unknown}
 p - 4 potions of mutation
 v - 2 potions of magic
 D - 3 potions of resistance {unknown}
 I - 2 potions of invisibility {unknown}
 M - 2 potions of might {unknown}
 O - 2 potions of berserk rage
 P - 2 potions of cancellation
 U - 2 potions of agility
Miscellaneous
 w - a fan of gales
 z - a lightning rod (4/4)
 L - a phantom mirror
Comestibles
 c - 49 rations
 K - 6 chunks of flesh


   Skills:
 - Level 23.0 Fighting
 * Level 23.1 Axes
 - Level 2.4 Armour
 - Level 2.1 Dodging


You had 15 spell levels left.
You didn't know any spells.

Dungeon Overview and Level Annotations

Branches:
Dungeon (15/15)            Temple (0/1) D:5            Lair (6/6) D:10
  Swamp (0/4) Lair:3        Snake (1/4) Lair:2        Slime (0/5) Lair:5
    Orc (2/2) D:9             Elf (2/3) Orc:2        Vaults (0/5) D:14
 Depths (0/5) D:15

Altars:
Cheibriados
Dithmenos
Gozag
Hepliaklqana
Makhleb
Nemelex Xobeh
Okawaru
Sif Muna
Trog
Uskayaw
Vehumet
Xom
Yredelemnul
The Shining One

Shops:
D:8 %:}   Orc:2 ::[(   Elf:1 [}=!

Portals:
Trove: D:12 (give +3 shadow dragon scales)


Innate Abilities, Weirdness & Mutations

You reflexively headbutt those who attack you in melee.
You have a pair of horns on your head.
You are partially covered in icy blue scales. (AC +2)
You are dopey. (Int -2)


Message History

The deep elf elementalist casts a spell at you.
Some walls begin to move on their own!
The deep elf elementalist gestures at the earth elemental while chanting.
Some walls begin to move on their own!
You hear a shout!
You're still recovering from your berserk rage.
Your ogre goes berserk!
You are feeling very hungry.
The deep elf elementalist gestures at the mace of holy wrath while chanting.
Some walls begin to move on their own!
You swap places.
Your ogre hits the earth elemental with a giant spiked club!!
The earth elemental hits your ogre!!! The earth elemental hits your ogre!!
Your ogre dies!
Your ogre's corpse disappears in a puff of smoke!
The deep elf elementalist gestures at you while chanting.
Some walls begin to move on their own!
As you read the scroll of teleportation, it crumbles to dust.
You feel strangely unstable. The earth elemental hits you!!
You die...

.###
#####.....#♣##..)))##♣#
## ##.#######.....####
# ##'..#≈§##...##≈≈# #
##...#≈≈§##)##§≈≈#
#.E.E##≈≈≈###≈≈≈##
#.....#≈≈≈≈≈≈≈≈≈#
#....###########
##EEEE#.##
##E.e#@##.#######
##e####.###'.....##
##.## #[# #.......#
##.## #.###.......#
##.## ####(####......#
##>## #...)...#......#
###(##
##.......##.....#
##.'##
#...(.....#....##
##...##
##...(.....###'##


You could see 6 earth elementals.

Vanquished Creatures
  A sphinx (D:14)
  Agnes (D:15)
  The ghost of SnubMonkey the Destroyer, a journeyman OgFE of Vehumet (Orc:1)
  Nessos (D:13)
  7 hydras
  A deep elf high priest (Elf:1)
  An ice dragon (Lair:4)
  3 naga warriors (Snake:1)
  Fannar (Lair:2)
  4 vault guards (D:14)
  Erica (Orc:1)
  A tengu warrior (D:14)
  2 anacondas (Snake:1)
  4 dancing weapons
  A death knight (D:15)
  3 orc high priests (Orc:2)
  7 two-headed ogres
  4 centaur warriors
  3 death yaks (Lair:6)
  A shock serpent (Snake:1)
  3 deep elf knights
  A glowing orange brain (D:15)
  4 unseen horrors
  2 skeletal warriors (D:13)
  3 sea snakes (Snake:1)
  A wizard (D:15)
  4 deep elf archers (Elf:1)
  A phantasmal warrior (D:15)
  6 orc knights
  A mana viper (Snake:1)
  2 cyclopes
  6 orc sorcerers
  A salamander (Snake:1)
  27 deep elf magi
  2 ugly things
  2 manticores
  12 black mambas
  A guardian serpent (Snake:1)
  A naga mage (Snake:1)
  A gargoyle (D:14)
  23 spiny frogs
  2 rime drakes
  3 freezing wraiths (D:15)
  6 komodo dragons
  An efreet (D:15)
  4 yaktaurs (D:15)
  A kobold demonologist (D:14)
  A jumping spider (shapeshifter) (D:15)
  2 guardian mummies (D:13)
  2 polar bears (Lair:6)
  3 hornets
  6 trolls
  6 slime creatures
  5 tyrant leeches (Lair:6)
  6 dream sheep (Lair:4)
  A hippogriff (shapeshifter) (D:15)
  29 blink frogs
  8 hippogriffs
  2 wyverns
  A shadow (D:15)
  An air elemental (Elf:2)
  54 yaks
  2 spriggans
  A wyvern (shapeshifter) (D:15)
  6 basilisks
  A wraith (D:13)
  A fire bat (shapeshifter) (D:15)
  A fire elemental (Elf:1)
  3 water elementals
  6 vampire mosquitoes
  10 nagas
  A swamp worm (shapeshifter) (D:15)
  3 wargs (Orc:2)
  2 acid dragons
  6 porcupines
  13 water moccasins
  A black bear (shapeshifter) (D:15)
  8 sky beasts
  The ghost of Xeas the Sneak, an amateur SpEn of Dithmenos (D:4)
  3 ice beasts
  26 orc warriors
  2 black bears (D:12)
  2 eyes of draining (D:13)
  A phantom (D:6)
  44 wolves
  8 ogres
  12 crocodiles
  20 centaurs
  An elf zombie (Ossuary)
  A big kobold (D:13)
  28 bullfrogs
  An earth elemental (Elf:1)
  A gnoll sergeant (D:10)
  A wyvern zombie (D:15)
  3 wyvern skeletons
  5 scorpions
  4 killer bees (D:9)
  5 electric eels
  7 wights
  2 howler monkeys (D:12)
  A bullfrog zombie (D:12)
  5 crimson imps
  9 centaur zombies
  8 jellies
  A lava snake (D:9)
  3 hounds
  Crazy Yiuf (D:3)
  5 centaur skeletons
  3 bullfrog skeletons
  18 orc priests
  Jessica (D:3)
  Terence (D:3)
  20 orc wizards
  8 iguanas
  5 hell rats (Lair:6)
  9 worker ants
  2 mummies (Ossuary)
  4 gnolls (D:10)
  A howler monkey skeleton (D:11)
  15 adders
  2 white imps (Lair:4)
  5 adder zombies
  An adder skeleton (D:8)
  2 worms
  3 dart slugs
  2 leopard geckos
  83 orcs
  A ball python (D:5)
  8 bats
  2 giant cockroaches
  6 goblins
  4 hobgoblins
  4 jackals (D:4)
  10 kobolds
  2 quokkas
  3 frilled lizards
  A giant cockroach zombie (D:5)
  2 goblin zombies
  8 hobgoblin zombies (Ossuary)
  A jackal zombie (Ossuary)
  13 kobold zombies (Ossuary)
  2 leopard gecko zombies (D:5)
  7 orc zombies (Ossuary)
  A quokka zombie (D:5)
  10 rats
  2 rat zombies (Ossuary)
  4 fungi
  3 plants
  A withered plant (D:13)
852 creatures vanquished.

Vanquished Creatures (collateral kills)
  Louise (D:14)
  A centaur warrior (D:15)
  A death knight (D:15)
  2 dancing weapons
  A naga sharpshooter (Snake:1)
  A deep elf knight (Elf:1)
  A skeletal warrior (D:15)
  An orc knight (Orc:2)
  15 deep elf magi
  A black mamba (Snake:1)
  2 blink frogs (Lair:6)
  A water elemental (Elf:2)
  A wraith (D:14)
  A fire elemental (Elf:2)
  2 vampire mosquitoes (Lair:6)
  An acid dragon (D:15)
  A naga (Snake:1)
  A centaur (D:12)
  2 bullfrogs (Lair:6)
  2 earth elementals
  A crimson imp (D:15)
  2 orc wizards (D:13)
  An orc (D:13)
43 creatures vanquished.

Vanquished Creatures (others)
  A deep elf mage (Elf:2)
  A water elemental (Elf:1)
  6 bushes
  10 fungi
  80 plants
98 creatures vanquished.

Grand Total: 993 creatures vanquished

Notes
Turn   | Place    | Note
-------+----------+-------------------------------------------
     0 | D:1      | Peterchen the Minotaur Berserker began the quest for the Orb.
     0 | D:1      | Reached XP level 1. HP: 19/19 MP: 0/0
    88 | D:1      | Reached XP level 2. HP: 26/26 MP: 1/1
   479 | D:2      | Reached skill level 5 in Axes
   479 | D:2      | Reached XP level 3. HP: 28/31 MP: 2/2
   633 | D:2      | Found an iron altar of Okawaru.
   636 | D:2      | Reached ** piety under Trog
   640 | D:2      | Reached XP level 4. HP: 33/39 MP: 3/3
  1169 | D:3      | Found a bloodstained altar of Trog.
  1299 | D:3      | Found an opulent altar of Gozag.
  1466 | D:3      | Noticed Jessica
  1474 | D:3      | Killed Jessica
  1693 | D:3      | Reached XP level 5. HP: 28/45 MP: 4/4
  1815 | D:3      | Noticed Terence
  1825 | D:3      | Killed Terence
  2099 | D:3      | Found a runed door.
  2193 | D:3      | Noticed Crazy Yiuf
  2196 | D:3      | Killed Crazy Yiuf
  2400 | D:4      | Noticed Xeas's ghost (amateur SpEn)
  2408 | D:4      | Killed Xeas's ghost
  2408 | D:4      | Reached XP level 6. HP: 51/51 MP: 5/5
  2483 | D:4      | Found a shimmering altar of Xom.
  2490 | D:4      | Found a basalt altar of Yredelemnul.
  2492 | D:4      | Found a burning altar of Makhleb.
  3069 | D:5      | Entered Level 5 of the Dungeon
  3069 | D:5      | Noticed a sky beast
  3081 | D:5      | Killed a sky beast
  3128 | D:5      | Reached XP level 7. HP: 43/57 MP: 6/6
  3131 | D:5      | Found a staircase to the Ecumenical Temple.
  3135 | D:5      | Found a sand-covered staircase.
  3143 | Ossuary  | Entered an ossuary
  3213 | Ossuary  | Reached *** piety under Trog
  3381 | Ossuary  | Reached **** piety under Trog
  3387 | Ossuary  | Reached skill level 10 in Axes
  4330 | D:5      | Reached XP level 8. HP: 64/64 MP: 7/7
  4642 | D:6      | Found a shadowy altar of Dithmenos.
  6351 | D:7      | Reached XP level 9. HP: 44/70 MP: 8/8
  6854 | D:7      | Found a snail-covered altar of Cheibriados.
  6855 | D:7      | Found a glowing golden altar of the Shining One.
  7793 | D:8      | Reached skill level 15 in Axes
  7845 | D:8      | Noticed a two-headed ogre
  7855 | D:8      | Killed a two-headed ogre
  8102 | D:8      | Found Wuyfoemi's Book Emporium.
  8227 | D:8      | Found Icsog's Gadget Emporium.
  8443 | D:8      | Found Ramoph's Food Shoppe.
  8448 | D:8      | Bought a ration for 55 gold pieces
  8448 | D:8      | Bought a ration for 55 gold pieces
  8448 | D:8      | Bought a ration for 55 gold pieces
  8448 | D:8      | Bought a ration for 55 gold pieces
  8618 | D:9      | Reached XP level 10. HP: 29/77 MP: 9/9
  8948 | D:9      | Found a radiant altar of Vehumet.
  8964 | D:9      | Reached ***** piety under Trog
  9145 | D:9      | Found a hazy altar of Hepliaklqana.
  9433 | D:9      | Found a staircase to the Orcish Mines.
  9543 | D:9      | Noticed a two-headed ogre
  9552 | D:9      | Killed a two-headed ogre
 10186 | D:9      | Found a hide-covered altar of Uskayaw.
 10233 | D:10     | Entered Level 10 of the Dungeon
 10731 | D:10     | Reached skill level 5 in Fighting
 10927 | D:10     | Reached XP level 11. HP: 72/91 MP: 10/10
 10994 | D:10     | Received a gift from Trog
 11397 | D:10     | Found a staircase to the Lair.
 12046 | D:11     | HP: 3/97 [cyclops (21)]
 12999 | D:12     | Reached skill level 10 in Fighting
 13026 | D:12     | Noticed a brown ugly thing
 13035 | D:12     | Killed a brown ugly thing
 13062 | D:12     | Noticed a centaur warrior
 13074 | D:12     | Noticed a two-headed ogre
 13107 | D:12     | Killed a two-headed ogre
 13330 | D:12     | Killed an unseen horror
 13720 | D:12     | Killed a centaur warrior
 13941 | D:12     | Found a portal to a secret trove of treasure.
 14069 | D:12     | Noticed a two-headed ogre
 14075 | D:12     | Killed a two-headed ogre
 14075 | D:12     | Reached XP level 12. HP: 88/115 MP: 11/11
 14323 | D:13     | Noticed Nessos
 14600 | D:13     | Noticed a two-headed ogre
 14612 | D:13     | Killed a two-headed ogre
 14622 | D:13     | Reached skill level 15 in Fighting
 15077 | D:13     | Received a gift from Trog
 15095 | D:13     | Killed Nessos
 15214 | D:13     | HP: 2/122 [skeletal warrior/war axe (13)]
 16084 | D:14     | Noticed a sphinx
 16091 | D:14     | Killed a sphinx
 16091 | D:14     | Reached XP level 13. HP: 132/132 MP: 4/12
 16361 | D:14     | Noticed Louise
 16401 | D:14     | Killed Louise
 17916 | D:14     | Found a gate to the Vaults.
 17939 | D:14     | Gained mutation: You are dopey. (Int -2) [potion of mutation]
 17939 | D:14     | Gained mutation: You are partially covered in icy blue scales. (AC +2) [potion of mutation]
 19022 | D:15     | Entered Level 15 of the Dungeon
 19121 | D:15     | Found a staircase to the Depths.
 19216 | D:15     | Noticed Agnes
 19224 | D:15     | Killed Agnes
 19651 | D:15     | Reached XP level 14. HP: 131/149 MP: 13/13
 20489 | D:15     | HP: 2/151 [skeletal warrior/mace[a death knight] (19)]
 20964 | D:15     | Found a sparkling altar of Nemelex Xobeh.
 21807 | Orc:1    | Entered Level 1 of the Orcish Mines
 21807 | Orc:1    | Noticed Erica
 21820 | Orc:1    | Killed Erica
 22003 | Orc:2    | Entered Level 2 of the Orcish Mines
 22016 | Orc:2    | Found a staircase to the Elven Halls.
 22089 | Orc:2    | Paralysed by an orc sorcerer for 4 turns
 22751 | Orc:2    | Found a deep blue altar of Sif Muna.
 23001 | Orc:2    | Found Alimn's Weapon Boutique.
 23001 | Orc:2    | Found Lobocvoe's Book Shoppe.
 23033 | Orc:2    | Found Ameu's Armour Boutique.
 23033 | Orc:2    | Found Naaptof's Book Shoppe.
 23448 | Orc:2    | Bought +1 pearl dragon scales for 1258 gold pieces
 23665 | Orc:1    | Received a gift from Trog
 23672 | Orc:1    | Noticed SnubMonkey's ghost (journeyman OgFE)
 23684 | Orc:1    | Killed SnubMonkey's ghost
 24002 | Lair:1   | Entered Level 1 of the Lair of Beasts
 25143 | Lair:2   | Noticed Fannar
 25155 | Lair:2   | Killed Fannar
 25415 | Lair:2   | Found a staircase to the Snake Pit.
 25743 | Lair:3   | Received a gift from Trog
 25841 | Lair:3   | Reached XP level 15. HP: 155/163 MP: 4/14
 25865 | Lair:3   | Found a staircase to the Swamp.
 26088 | Lair:3   | Reached ****** piety under Trog
 27111 | Lair:4   | Got a pearl-encrusted ring mail
 27122 | Lair:4   | Identified the +1 ring mail of Xom's Favour {rElec rC+++ Stlth-} (You found it on level 4 of the Lair of Beasts)
 27208 | Lair:5   | Found a staircase to the Slime Pits.
 27544 | Lair:5   | Received a gift from Trog
 27552 | Lair:5   | Got an iridescent executioner's axe {god gift}
 27573 | Lair:5   | Identified the +0 executioner's axe "Gad Asch" {chop, *Corrode rElec Int+3} (Trog gifted it to you on level 5 of the Lair of Beasts)
 27822 | Lair:6   | Entered Level 6 of the Lair of Beasts
 28509 | Lair:6   | Received a gift from Trog
 30045 | Snake:1  | Entered Level 1 of the Snake Pit
 30589 | Snake:1  | Reached XP level 16. HP: 161/172 MP: 5/15
 31791 | Elf:1    | Entered Level 1 of the Elven Halls
 31807 | Elf:1    | Received a gift from Trog
 32863 | Elf:1    | Found Laommestig's Distillery.
 32870 | Elf:1    | Bought a potion of berserk rage for 65 gold pieces
 32870 | Elf:1    | Bought a potion of heal wounds for 65 gold pieces
 32870 | Elf:1    | Bought a potion of curing for 39 gold pieces
 32870 | Elf:1    | Bought 2 potions of curing for 78 gold pieces
 32870 | Elf:1    | Bought a potion of cancellation for 104 gold pieces
 33335 | Elf:1    | Found Lakeemamue's Antique Armour Shoppe.
 33353 | Elf:1    | Bought a pair of glowing boots for 285 gold pieces
 33416 | Elf:1    | Found Foejahen's Gadget Shoppe.
 33419 | Elf:1    | Found Larghorow's Jewellery Shoppe.
 33421 | Elf:1    | Bought a wand of flame (32) for 187 gold pieces
 33711 | Elf:2    | HP: 4/172 [flail of holy wrath (9)]
 33718 | Elf:1    | Mangled by an earth elemental

Vault maps used:
D:1:      tarquinn_simple_flora_water_a
D:2:      hangedman_decor_peaks_small, okawaru_trees_2
D:3:      nicolae_overflow_hidden_temple, bloody_trog, first_ration,
          hangedman_abyss_or_decor_stabs, uniq_jessica, uniq_terence,
          uniq_crazy_yiuf_cottage
D:4:      minitemple, serial_forest, infiniplex_forest_end_2,
          infiniplex_forest_lined_corner, infiniplex_forest_end_2,
          infiniplex_forest_straight_4, infiniplex_forest_lined_room_,
          infiniplex_forest_lined_2, infiniplex_forest_end_1,
          infiniplex_forest_lined_2, infiniplex_forest_lined_1
D:5:      temple_fountains, enter_ossuary_4, hangedman_decor_lopped,
          grunt_ministairs_10
D:6:      lemuel_crystal_altar
D:7:      gammafunk_temple_overflow_pools, the_bakery, hangedman_decor_growths
D:8:      serial_shops, shop, kennysheep_mini_moat, shop, grunt_decor_resistance
D:9:      nicolae_overflow_crystal_walls, kennysheep_mini, david_orc_2,
          basic_altar, kennysheep_diamond
D:10:     minmay_lair_entry_grove
D:12:     nicolae_trove_entry_columns
D:13:     serial_undead, serial_undead_f, serial_undead_b, serial_undead_b,
          serial_undead_f, uniq_nessos
D:14:     grunt_vaults_entry_fortified, kennysheep_doodads, chequers_big_river,
          uniq_agnes, uniq_louise
D:15:     gammafunk_enter_depths_forms, roderic_serpentine_path,
          nemelex_xobeh_ov_fountains_minmay
Lair:1:   grunt_forest_large_clearings, lemuel_fruit_tree, grunt_megastairs_3
Lair:2:   minmay_snake_entry_guardpost_medium, grunt_megastairs_4,
          infiniplex_staircase_pool, uniq_fannar
Lair:3:   swamp_mist_pool, lemuel_fruit_fields
Lair:4:   minivault_24, bobbens_ice_dragon_lair, grunt_megastairs_5,
          infiniplex_staircase_pool_2
Lair:5:   minmay_slime_entry_pillars, st_stairs_4
Lair:6:   minmay_lair_end_frog_pond, grunt_forest_large_clearing_hut
Snake:1:  serial_bayou_lagoon_b, minmay_shop_grove
Orc:1:    uniq_erica
Orc:2:    grunt_orc_tribal_feast, led_sif_book
Elf:1:    elf_arrival_002, serial_shops, nicolae_shop_statue_plus,
          nicolae_shop_stone, shop, shop, kennysheep_underground_church,
          minmay_the_grid_square_5x5_3x3_mashed
Elf:2:    st_stairs_8, item_on_display_a
Ossuary:  ossuary_tomb_1

Skill      XL: |  1  2  3  4  5  6  7  8  9 10 11 12 13 14 15 16 |
---------------+-------------------------------------------------+-----
Axes           | 4 5 6 8 9 11 13 16 18 21 23 | 23.1
Fighting       | 6 13 17 20 23 | 23.0
Armour         | |  2.4
Dodging        | |  2.1

Action                   |  1- 3 |  4- 6 |  7- 9 | 10-12 | 13-15 | 16-18 || total
-------------------------+-------+-------+-------+-------+-------+-------++-------
Melee: Hand axe          |    47 |   118 |   264 |       |       |       ||   429
       Headbutt          |     6 |    21 |    77 |   127 |   218 |    36 ||   485
       War axe           |       |       |   120 |   540 |   103 |       ||   763
       Battleaxe         |       |       |       |       |   729 |       ||   729
       Executioner's axe |       |       |       |       |   130 |   151 ||   281
Throw: Tomahawk          |       |       |       |    15 |    52 |     5 ||    72
Invok: Berserk           |       |     5 |    11 |    23 |    27 |     6 ||    72
       Brothers in Arms  |       |       |       |     2 |     9 |     7 ||    18
       Trog's Hand       |       |       |       |     3 |     1 |     1 ||     5
Evoke: Wand              |       |       |     4 |     1 |       |       ||     5
  Use: Scroll            |       |     4 |     8 |     6 |    14 |     6 ||    38
       Potion            |       |       |       |     6 |    10 |     5 ||    21
 Stab: Distracted        |       |     1 |       |       |       |     1 ||     2
       Paralysed         |       |       |     1 |     2 |       |       ||     3
  Eat: Chunk             |       |    10 |    22 |    31 |    59 |     7 ||   129
       Ration            |       |       |     2 |     4 |     6 |     2 ||    14
Armor: Animal skin       |     8 |     3 |       |       |       |       ||    11
       Leather armour    |       |    24 |    41 |       |       |       ||    65
       Scale mail        |       |       |    50 |    68 |       |       ||   118
       Chain mail        |       |       |       |   107 |   174 |       ||   281
       Pearl dragon scal |       |       |       |       |   310 |   109 ||   419
Dodge: Dodged            |    33 |    49 |   103 |   127 |   544 |   138 ||   994
Block: Shield            |       |       |    21 |   157 |    40 |       ||   218

Table legend:
 A = Spawn XP
 B = Non-spawn XP
 C = Spawn XP percentage of total XP
 D = Spawn monster count
 E = Non-spawn monster count
 F = Spawn count percentage of total count
 G = Total turns spent on level
                    A         B        C        D         E        F      G
               +---------+---------+-------+---------+---------+-------+---------
         Total |       0 |  191390 |   0.0 |       0 |     888 |   0.0 | 33718
               +---------+---------+-------+---------+---------+-------+---------
           D:1 |       0 |      32 |   0.0 |       0 |      18 |   0.0 |   470
           D:2 |       0 |      86 |   0.0 |       0 |      22 |   0.0 |   653
           D:3 |       0 |     172 |   0.0 |       0 |      19 |   0.0 |  1177
           D:4 |       0 |     266 |   0.0 |       0 |      11 |   0.0 |   828
           D:5 |       0 |     714 |   0.0 |       0 |      17 |   0.0 |  1110
           D:6 |       0 |    1275 |   0.0 |       0 |      26 |   0.0 |  1740
           D:7 |       0 |     614 |   0.0 |       0 |      11 |   0.0 |  1251
           D:8 |       0 |    1833 |   0.0 |       0 |      16 |   0.0 |  1202
           D:9 |       0 |    3461 |   0.0 |       0 |      42 |   0.0 |  2043
          D:10 |       0 |    4760 |   0.0 |       0 |      41 |   0.0 |  1447
          D:11 |       0 |    1252 |   0.0 |       0 |      12 |   0.0 |  1174
          D:12 |       0 |    7938 |   0.0 |       0 |      44 |   0.0 |  1370
          D:13 |       0 |   13227 |   0.0 |       0 |      61 |   0.0 |  1812
          D:14 |       0 |   19486 |   0.0 |       0 |      50 |   0.0 |  3006
          D:15 |       0 |   19194 |   0.0 |       0 |      50 |   0.0 |  2162
        Lair:1 |       0 |    6631 |   0.0 |       0 |      38 |   0.0 |  1107
        Lair:2 |       0 |    6664 |   0.0 |       0 |      30 |   0.0 |  1504
        Lair:3 |       0 |    7265 |   0.0 |       0 |      35 |   0.0 |   738
        Lair:4 |       0 |    5067 |   0.0 |       0 |      19 |   0.0 |   778
        Lair:5 |       0 |    6640 |   0.0 |       0 |      32 |   0.0 |   782
        Lair:6 |       0 |   26401 |   0.0 |       0 |      88 |   0.0 |  1918
       Snake:1 |       0 |   13719 |   0.0 |       0 |      28 |   0.0 |   864
         Orc:1 |       0 |    4759 |   0.0 |       0 |      27 |   0.0 |   551
         Orc:2 |       0 |    9749 |   0.0 |       0 |      49 |   0.0 |  1637
         Elf:1 |       0 |   22109 |   0.0 |       0 |      46 |   0.0 |  1835
         Elf:2 |       0 |    7844 |   0.0 |       0 |      17 |   0.0 |    92
       Ossuary |       0 |     232 |   0.0 |       0 |      39 |   0.0 |   467
               +---------+---------+-------+---------+---------+-------+---------
